 Dungeon Crawl Stone Soup version 0.23-a0-395-gcf17ac6 (webtiles) character file.

105 BingusPrime the Insei (level 4, 0/32 HPs)
             Began as a Merfolk Transmuter on Nov 1, 2018.
             Slain by a jelly (3 damage)
             ... on level 2 of the Dungeon.
             The game lasted 00:03:39 (2318 turns).

BingusPrime the Insei (Merfolk Transmuter)          Turns: 2318, Time: 00:03:40

Health: 0/32       AC: -1    Str: 10    XL:     4   Next: 81%
Magic:  6/7        EV: 13    Int: 12    God:
Gold:   34         SH:  0    Dex: 15    Spells: 6/7 levels left

rFire    . . .     SeeInvis .     - Unarmed
rCold    . . .     Gourm    .   (no shield)
rNeg     . . .     Faith    .   b - +0 robe
rPois    .         Spirit   .   (no helmet)
rElec    .         Reflect  .   l - +0 cloak
rCorr    .         Harm     .   (no gloves)
MR       .....                  (no boots)
Stlth    ++........             (no amulet)
HPRegen  0.10/turn              (no ring)
MPRegen  0.10/turn              (no ring)

@: corroded, very slightly contaminated
A: change form in water, swift swim, stealthy swim
a: no special abilities


You were on level 2 of the Dungeon.
You were not hungry.

You visited 1 branch of the dungeon, and saw 2 of its levels.

You collected 34 gold pieces.

Inventory:

Missiles
 a - 51 arrows
Armour
 b - a +0 robe (worn)
 j - a +0 leather armour
 l - a +0 cloak (worn)
Scrolls
 c - a scroll of identify {unknown}
 g - a scroll of immolation {unknown}
 h - a scroll of magic mapping {unknown}
 k - 2 scrolls of fog {unknown}
Potions
 f - a potion of brilliance {unknown}
 i - 2 potions of flight {unknown}
Comestibles
 d - a ration


   Skills:
 + Level 1.2 Fighting
 + Level 3.2 Dodging
 + Level 0.6 Stealth
 * Level 5.0 Unarmed Combat
 + Level 2.3 Spellcasting
 + Level 3.3 Transmutations


You had 6 spell levels left.
You knew the following spells:

 Your Spells              Type           Power        Failure   Level  Hunger
a - Beastly Appendage     Tmut           #.....       7%          1    ##.....

Your spell library contained the following spells:

 Spells                   Type           Power        Failure   Level  Hunger
 Sticks to Snakes         Tmut           #.......     11%         2    ###....
 Spider Form              Tmut/Pois      #.........   38%         3    ####...
 Ice Form                 Ice/Tmut       #.......     80%         4    #####..
 Blade Hands              Tmut           #.........   88%         5    ######.


Dungeon Overview and Level Annotations

Branches:
Dungeon (2/15)

Altars:


Message History

The ooze is heavily wounded.
The ooze barely misses you. The ooze hits you.
You hit the ooze.
The ooze is severely wounded.
The ooze hits you but does no damage. The ooze barely misses you.
The jelly closely misses you.
You hit the ooze.
You kill the ooze!
The ooze misses you.
You hit the jelly. The acid corrodes you!
Your hands burn!
You punch the jelly, but do no damage.
The jelly is lightly wounded.
The jelly hits you.
You are splashed with acid!
The acid burns!
You hit the jelly but do no damage.
Your hands burn!
* * * LOW HITPOINT WARNING * * *
The jelly is lightly wounded.
The ooze hits you.
* * * LOW HITPOINT WARNING * * *
The jelly hits you.
You die...

#.......#
#..#.##
#.....^.#
#..#.#.
####....#
#..#.#.
##..'....#
###..#...
#(########
#......#.
##(.(.).##
#......#.
########'##
#......#.
#.P...P÷..#
#......#.
#.P.PJ@...#
#......#.
#÷...J÷.P÷#
#......#.
#..÷..P...#
###..###.
#.P.......#
#..#
#%÷.......#
#..#
###########
#..# #..#
#..#
..####..#


You could see a jelly and an ooze.

Vanquished Creatures
  A jelly (D:2)
  8 oozes
  2 dart slugs (D:1)
  A leopard gecko (D:1)
  A giant cockroach (D:1)
  2 goblins (D:1)
  3 hobgoblins
  4 bats
  2 frilled lizards (D:1)
  12 kobolds
  6 rats
42 creatures vanquished.

Vanquished Creatures (others)
  A fungus (D:2)
  8 toadstools (D:2)
9 creatures vanquished.

Grand Total: 51 creatures vanquished

Notes
Turn   | Place    | Note
-------+----------+-------------------------------------------
     0 | D:1      | BingusPrime the Merfolk Transmuter began the quest for the
                  | Orb.
     0 | D:1      | Reached XP level 1. HP: 15/15 MP: 3/3
    22 | D:1      | Reached XP level 2. HP: 14/21 MP: 5/5
   570 | D:1      | Reached skill level 4 in Unarmed Combat
   688 | D:1      | Reached XP level 3. HP: 24/26 MP: 4/6
  2024 | D:2      | Reached XP level 4. HP: 4/32 MP: 5/7
  2036 | D:2      | Reached skill level 5 in Unarmed Combat
  2318 | D:2      | Slain by a jelly

Vault maps used:
D:1:      dpeg_arrival_leaves_temple_mockup
D:2:      cheibrodos_fertilizer, chequers_temple_overflow_statue_of_worship,
          first_ration, hex_intersection

Skill      XL: |  1  2  3  4 |
---------------+-------------+-----
Transmutations | 3 |  3.3
Unarmed Combat | 4 5 |  5.0
Dodging        | 3 |  3.2
Fighting       | |  1.2
Stealth        | |  0.6
Spellcasting   | |  2.3

Action                   |  1- 3 |  4- 6 || total
-------------------------+-------+-------++-------
Melee: Unarmed           |   116 |    14 ||   130
       Headbutt          |    10 |     3 ||    13
       Punch             |     2 |     1 ||     3
 Cast: Beastly Appendage |    10 |       ||    10
  Use: Potion            |       |     1 ||     1
 Stab: Sleeping          |     2 |       ||     2
  Eat: Chunk             |     2 |       ||     2
       Ration            |       |     1 ||     1
Armor: Robe              |     8 |     2 ||    10
Dodge: Dodged            |    59 |     9 ||    68

Table legend:
 A = Non-vault XP
 B = Vault XP
 C = Vault XP percentage of total XP
 D = Non-vault monster count
 E = Vault monster count
 F = Vault count percentage of total count
                 A         B        C        D         E       F
            +---------+---------+-------+---------+---------+-------
      Total |      53 |      97 |  64.7 |      26 |      16 |  38.1
            +---------+---------+-------+---------+---------+-------
        D:1 |      49 |       0 |   0.0 |      23 |       0 |   0.0
        D:2 |       4 |      97 |  96.0 |       3 |      16 |  84.2
            +---------+---------+-------+---------+---------+-------
